 Dungeon Crawl Stone Soup version 0.19.1 (webtiles) character file.

742 WitnessMe the Cutter (level 7, -5/50 HPs)
             Began as a Demonspawn Wanderer on Dec 20, 2016.
             Slain by a sky beast (6 damage)
             ... on level 5 of the Dungeon.
             The game lasted 00:10:39 (4350 turns).

WitnessMe the Cutter (Demonspawn Wanderer)          Turns: 4350, Time: 00:10:39

Health: -5/50      AC: 11    Str: 11    XL:     7   Next: 47%
Magic:  7/7        EV:  8    Int: 14    God:
Gold:   240        SH:  0    Dex: 15    Spells: 0 memorised, 6 levels left

rFire  . . .     SeeInvis .     l - +1 dagger (elec)
rCold  . . .     Gourm    .     a - +2 scale mail
rNeg   . . .     Faith    .     (no shield)
rPois  +         Spirit   .     (no helmet)
rElec  .         Reflect  .     e - +1 cloak
rCorr  .         Harm     .     (no gloves)
MR     .....                    (no boots)
Stlth  +++.......               (no amulet)
                                (no ring)
                                (no ring)

@: no status effects
A: thin skeletal structure 1, clumsy 1, nightstalker 1, poison resistance,
powered by death 1, shaggy fur 1
a: no special abilities


You were on level 5 of the Dungeon.
You were very hungry.

You visited 1 branch of the dungeon, and saw 5 of its levels.

You collected 240 gold pieces.

Inventory:

Hand Weapons
 d - a +0 dagger
 g - a +0 short sword
 j - a -1 dagger
 l - a +1 dagger of electrocution (weapon)
Armour
 a - a +2 scale mail (worn)
 c - a +0 buckler
 e - a +1 cloak (worn)
Jewellery
 p - an uncursed ring of loudness
Scrolls
 i - 2 scrolls of enchant armour {unknown}
 n - 3 scrolls of identify {unknown}
 q - a scroll of teleportation {unknown}
 s - a scroll of fog
 t - 2 scrolls of fear
Potions
 b - 3 potions of curing
 o - a potion of mutation
 u - a potion of cure mutation
Comestibles
 f - 4 bread rations
 h - 3 slices of pizza
 k - 4 fruits
 r - 2 meat rations


   Skills:
 - Level 2.1 Fighting
 * Level 6.0(6.1) Short Blades
   Level 1.7(4.2) Long Blades
   Level 1.0 Axes
 - Level 1.0 Armour
 - Level 1.0 Dodging
 + Level 4.6 Stealth
 - Level 1.0 Shields
   Level 1.0 Evocations


You had 6 spell levels left.
You didn't know any spells.

Dungeon Overview and Level Annotations

Branches:
Dungeon (5/15)
 Temple: D:4-7

Altars:
Ashenzari
Gozag

Shops:
D:3 *


Innate Abilities, Weirdness & Mutations

You have a somewhat thin skeletal structure. (Dex +2, Stealth)
You are slightly more attuned to the shadows.
You regenerate a little health from kills.
You are clumsy. (Dex -2)
Your system is resistant to poisons. (rPois)
You are covered in fur. (AC +1)


Message History

Something shocks you.
* * * LOW HITPOINT WARNING * * *
A sky beast appears from thin air!
Reactivating autopickup.
The sky beast flickers out of sight!
Deactivating autopickup; reactivate with Ctrl-A.
You miss something. Something hits you but does no damage.
You hit something. You hit something but do no damage. Something hits you.
* * * LOW HITPOINT WARNING * * *
Something shocks you.
* * * LOW HITPOINT WARNING * * *
You closely miss something. Something hits you but does no damage.
You hit something but do no damage. You miss something.
A sky beast appears from thin air!
Reactivating autopickup.
The sky beast hits you.
* * * LOW HITPOINT WARNING * * *
The sky beast shocks you.
You die...

.. #.##
#.#.###
#.##..##
#..#...#
#......#
##......#
#@Y#...##
##.###...##
#..#
###..##
#### #..#
##..##
##... ##.##
##..###....
#..#
##..#....#
##.##
##.....##
#..#
##..≈##
#### #..#
#.....##


You could see a sky beast.

Vanquished Creatures
  An orc warrior (D:3)
  A phantom (D:5)
  An ogre (D:3)
  A centaur (D:5)
  A hound (D:5)
  A bullfrog zombie (D:5)
  An orc wizard (D:3)
  Crazy Yiuf (D:3)
  An iguana (D:4)
  2 worker ants (D:5)
  Natasha (thrice) (D:3)
  A hound skeleton (D:5)
  3 adders (D:2)
  A shadow imp (D:5)
  2 worms
  2 dart slugs
  A leopard gecko (D:4)
  3 orcs
  7 bats
  6 giant cockroaches
  10 goblins
  9 hobgoblins
  6 jackals
  2 ball pythons
  A frilled lizard (D:1)
  A jackal skeleton (D:5)
  12 kobolds
  A leopard gecko zombie (D:5)
  5 rats
87 creatures vanquished.

Notes
Turn   | Place    | Note
-------+----------+-------------------------------------------
     0 | D:1      | WitnessMe the Demonspawn Wanderer began the quest for the Orb.
     0 | D:1      | WitnessMe set off with: a +2 scale mail, a potion of curing, a +0 buckler, a +0 dagger, a bread ration
     0 | D:1      | Reached XP level 1. HP: 15/15 MP: 1/1
   379 | D:1      | Gained mutation: You have a somewhat thin skeletal structure. (Dex +2, Stealth) [demonic ancestry]
   379 | D:1      | Reached XP level 2. HP: 20/22 MP: 2/2
   572 | D:1      | Reached skill level 1 in Short Blades
  1152 | D:1      | Gained mutation: You are slightly more attuned to the shadows. [demonic ancestry]
  1152 | D:1      | Reached XP level 3. HP: 24/27 MP: 3/3
  1412 | D:2      | Reached skill level 2 in Short Blades
  1875 | D:2      | Gained mutation: You regenerate a little health from kills. [demonic ancestry]
  1875 | D:2      | Reached XP level 4. HP: 33/33 MP: 4/4
  2208 | D:3      | Found Gozag's Platinum Reserve.
  2208 | D:3      | Found an opulent altar of Gozag.
  2209 | D:3      | Noticed Natasha
  2221 | D:3      | Killed Natasha
  2230 | D:3      | Noticed Natasha
  2239 | D:3      | Killed Natasha
  2239 | D:3      | Reached skill level 3 in Short Blades
  2367 | D:3      | Reached XP level 5. HP: 38/38 MP: 5/5
  2383 | D:3      | Noticed Natasha
  2389 | D:3      | Killed Natasha
  2423 | D:3      | Noticed an ogre
  2424 | D:3      | Noticed an orc warrior
  2440 | D:3      | Killed an ogre
  2440 | D:3      | Reached skill level 4 in Short Blades
  2458 | D:3      | Killed an orc warrior
  2458 | D:3      | Reached XP level 6. HP: 44/44 MP: 6/6
  2647 | D:3      | Found a shattered altar of Ashenzari.
  2782 | D:3      | Found a runed door.
  2786 | D:3      | Noticed Crazy Yiuf
  2790 | D:3      | Killed Crazy Yiuf
  3535 | D:5      | Entered Level 5 of the Dungeon
  3552 | D:5      | Reached skill level 5 in Short Blades
  3566 | D:5      | Reached XP level 7. HP: 42/50 MP: 7/7
  3897 | D:5      | Reached skill level 6 in Short Blades
  3910 | D:5      | Gained mutation: You are covered in fur. (AC +1) [potion of mutation]
  3910 | D:5      | Gained mutation: Your system is resistant to poisons. (rPois) [potion of mutation]
  3910 | D:5      | Gained mutation: You are clumsy. (Dex -2) [potion of mutation]
  4347 | D:5      | HP: 1/50 [something (5)]
  4350 | D:5      | Slain by a sky beast

Skill      XL: |  1  2  3  4  5  6  7 |
---------------+----------------------+-----
Fighting       | 2 |  2.1
Short Blades   | 1 2 3 4 5 6 |  6.0
Stealth        | 2 3 4 |  4.6
Long Blades    | |  1.7
Axes           | |  1.0
Armour         | |  1.0
Dodging        | |  1.0
Shields        | |  1.0
Evocations     | |  1.0

Action                   |  1- 3 |  4- 6 |  7- 9 || total
-------------------------+-------+-------+-------++-------
Melee: Dagger            |   269 |   120 |    94 ||   483
       Short sword       |     6 |       |       ||     6
  Use: Scroll            |     5 |     1 |     1 ||     7
       Potion            |       |     7 |     2 ||     9
 Stab: Sleeping          |     2 |    10 |     1 ||    13
       Distracted        |       |       |     1 ||     1
  Eat: Chunk             |     3 |     5 |     2 ||    10
Armor: Scale mail        |   148 |    31 |    38 ||   217
       Skin              |       |    20 |       ||    20
Dodge: Dodged            |   108 |    56 |    31 ||   195
Block: Buckler           |    10 |       |       ||    10
